 Dungeon Crawl Stone Soup version 0.29.0-4-gdea44cf6ec (webtiles) character file.

Game seed: 2155133726164638119

688 qw the Ruffian (level 7, -10/57 HPs)
             Began as a Ghoul Fire Elementalist on Aug 29, 2022.
             Killed from afar by Ijyb (16 damage)
             ... with a bolt of acid
             ... on level 5 of the Dungeon.
             The game lasted 00:04:02 (5940 turns).

qw the Ruffian (Ghoul Fire Elementalist)            Turns: 5940, Time: 00:04:02

Health: -10/57     AC: -3    Str: 14    XL:     7   Next: 62%
Magic:  8/8        EV: 13    Int: 10    God:
Gold:   202        SH:  0    Dex:  9    Spells: 8/9 levels left

rFire   . . .      SeeInvis .     - Unarmed
rCold   + . .      Faith    .   (no shield)
rNeg    + + +      Spirit   .   g - +0 scale mail
rPois   inf        Reflect  .   (no helmet)
rElec   .          Harm     .   (no cloak)
rCorr   .          Rampage  .   (no gloves)
Will    .....                   i - +0 pair of boots
Stlth   ..........              (no amulet)
HPRegen 0.00/turn               e - +4 ring of evasion
MPRegen 0.11/turn               (no ring)

@: corroded, inhibited regen
A: claws 1, cold resistance 1, negative energy resistance 3, inhibited
regeneration, torment resistance 2, devour on kill
a: no special abilities


You were on level 5 of the Dungeon.
You visited 1 branch of the dungeon, and saw 5 of its levels.

You collected 202 gold pieces.


Innate Abilities, Weirdness & Mutations

You are immune to poison.
You have sharp fingernails.
Your flesh is cold resistant. (rC+)
You are immune to negative energy. (rN+++)
You do not regenerate when monsters are visible.
You are immune to unholy pain and torment.
You thrive by killing the living.


   Skills:
 - Level 3.2 Fighting
 - Level 3.2 Armour
 - Level 1.7 Dodging
 - Level 2.1 Stealth
 + Level 6.7 Unarmed Combat
 - Level 1.7 Spellcasting
 - Level 0.7 Conjurations
 - Level 2.4 Fire Magic


You had 8 spell levels left.
You knew the following spells:

 Your Spells              Type           Power      Damage    Failure   Level
a - Foxfire               Conj/Fire      16%        2x1d4     56%         1

Your spell library contained the following spells:

 Spells                   Type           Power      Damage    Failure   Level
 Scorch                   Fire           10%        2d6       58%         2
 Conjure Flame            Conj/Fire      4%         6-21      90%         3
 Inner Flame              Hex/Fire       3%         N/A       94%         3
 Flame Wave               Conj/Fire      4%         2d5       100%        4

Inventory:

Missiles
 f - 5 boomerangs (quivered)
Armour
 g - a +0 scale mail (worn)
 i - a +0 pair of boots (worn)
Jewellery
 e - a +4 ring of evasion (left claw)
Scrolls
 j - a scroll of enchant weapon
 k - 2 scrolls of identify
Potions
 a - a potion of mutation
 b - a potion of degeneration {unknown}
 c - a potion of haste
 d - a potion of curing {unknown}
 m - a potion of resistance {unknown}

Dungeon Overview and Level Annotations

Branches:
Dungeon (5/15)
 Temple: D:4-7

Altars:

Annotations:
D:5 Ijyb


Message History

The hound closely misses you.
You barely miss the hound.
The hound is lightly wounded.
The hound bites you but does no damage. x2
You miss the hound.
The hound is lightly wounded.
The hound bites you.
You claw the hound!
The hound is severely wounded.
The hound closely misses you. x2
You claw the hound!
You kill the hound!
You see here a hound corpse.
Found a stone staircase leading down.
Enter note: Ijyb the Twisted Goblin comes into view.
She is wielding a +0 club and carrying a wand of acid (8).
Ijyb shouts!
5931 ||| Stepping ~*~*~tactically~*~*~ (hiding).
There is a stone staircase leading down here.
Ijyb zaps a wand.
The bolt of acid hits you! The acid corrodes you!
You closely miss Ijyb. Ijyb completely misses you.
You scratch Ijyb.
Ijyb is lightly wounded.
Ijyb zaps a wand.
The bolt of acid hits you!! The acid corrodes you!
You claw Ijyb!
Ijyb is moderately wounded.
Ijyb misses you.
You scratch Ijyb but do no damage.
Ijyb is moderately wounded.
Ijyb hits you with a +0 club.
You scratch Ijyb.
Ijyb is moderately wounded.
You completely miss Ijyb.
Ijyb is moderately wounded.
Ijyb zaps a wand.
The bolt of acid hits you!! The acid corrodes you!
You closely miss Ijyb.
Ijyb is moderately wounded.
Ijyb zaps a wand.
The bolt of acid hits you!
You die...

#####...###....#
..........#.####
....#
#####...#.#.#
....# #...#.#.#
....# #...#.#.#
....# #...#...##
....# #...##...##
....#
#.........###....#
#.#######.#.@g...#
...###...######
........>##
....###### ##


You could see Ijyb.

Vanquished Creatures
  Grinder (D:4)
  A phantom (D:4)
  A necrophage (D:4)
  A scorpion (D:5)
  2 hounds (D:5)
  2 jellies (D:3)
  An orc priest (D:5)
  An iguana (D:5)
  An orc wizard (D:5)
  An adder (D:5)
  4 dart slugs
  7 orcs
  6 bats
  15 endoplasms
  2 giant cockroaches
  4 goblins
  6 hobgoblins
  2 jackals (D:3)
  2 quokkas
  5 ball pythons
  18 kobolds
  2 rats
85 creatures vanquished.

Vanquished Creatures (others)
  7 fungi (D:3)
  6 toadstools (D:3)
13 creatures vanquished.

Grand Total: 98 creatures vanquished

Notes
Turn   | Place    | Note
-------+----------+-------------------------------------------
     0 | D:1      | qw the Ghoul Fire Elementalist began the quest for the Orb.
     0 | D:1      | Reached XP level 1. HP: 14/14 MP: 2/2
     0 | D:1      | 0 ||| qw: Version: 0.1-a-90-g952f4b7
     0 | D:1      | 0 ||| qw: Game counter: 3901
     0 | D:1      | 0 ||| qw: Always use a shield: true
     0 | D:1      | 0 ||| qw: God list: Okawaru
     0 | D:1      | 0 ||| qw: Allow faded altars: false
     0 | D:1      | 0 ||| qw: Do Orc after D:15 true
     0 | D:1      | 0 ||| qw: Do second Lair branch before Depths: true
     0 | D:1      | 0 ||| qw: Lair rune preference: random
     0 | D:1      | 0 ||| qw: Plans: Normal
     0 | D:1      | 0 ||| PLANNING D:1-11
    31 | D:1      | 31 ||| Stepping ~*~*~tactically~*~*~ (stealth).
    51 | D:1      | 51 ||| Stepping ~*~*~tactically~*~*~ (stealth).
    52 | D:1      | 52 ||| Stepping ~*~*~tactically~*~*~ (stealth).
    53 | D:1      | 53 ||| Stepping ~*~*~tactically~*~*~ (stealth).
   100 | D:1      | 100 ||| Stepping ~*~*~tactically~*~*~ (stealth).
   102 | D:1      | 102 ||| Stepping ~*~*~tactically~*~*~ (stealth).
   106 | D:1      | 106 ||| Stepping ~*~*~tactically~*~*~ (hiding).
   109 | D:1      | 109 ||| Stepping ~*~*~tactically~*~*~ (stealth).
   110 | D:1      | 110 ||| Stepping ~*~*~tactically~*~*~ (hiding).
   113 | D:1      | Reached skill level 1 in Unarmed Combat
   214 | D:1      | 214 ||| Stepping ~*~*~tactically~*~*~ (hiding).
   316 | D:1      | 316 ||| Stepping ~*~*~tactically~*~*~ (hiding).
   418 | D:1      | 418 ||| Stepping ~*~*~tactically~*~*~ (hiding).
   520 | D:1      | 520 ||| Stepping ~*~*~tactically~*~*~ (hiding).
   622 | D:1      | 622 ||| Stepping ~*~*~tactically~*~*~ (hiding).
   724 | D:1      | 724 ||| Stepping ~*~*~tactically~*~*~ (hiding).
   826 | D:1      | 826 ||| Stepping ~*~*~tactically~*~*~ (hiding).
   928 | D:1      | 928 ||| Stepping ~*~*~tactically~*~*~ (hiding).
  1030 | D:1      | 1030 ||| Stepping ~*~*~tactically~*~*~ (hiding).
  1132 | D:1      | 1132 ||| Stepping ~*~*~tactically~*~*~ (hiding).
  1133 | D:1      | 1133 ||| Stepping ~*~*~tactically~*~*~ (hiding).
  1146 | D:1      | Reached XP level 2. HP: 21/22 MP: 3/3
  1174 | D:1      | Reached skill level 1 in Fighting
  1235 | D:1      | Found a faded altar of an unknown god.
  1263 | D:1      | 1263 ||| READING scroll labelled QEKUHA NOITUM.
  1264 | D:1      | 1264 ||| DROPPING potion of magic.
  1265 | D:1      | 1265 ||| Stepping randomly (stuck).
  1266 | D:1      | 1266 ||| Stepping ~*~*~tactically~*~*~ (stealth).
  1274 | D:1      | 1274 ||| Stepping randomly (stuck).
  1275 | D:1      | 1275 ||| Stepping randomly (stuck).
  1326 | D:1      | 1326 ||| Stepping ~*~*~tactically~*~*~ (stealth).
  1329 | D:1      | 1329 ||| Stepping ~*~*~tactically~*~*~ (stealth).
  1331 | D:1      | 1331 ||| Stepping ~*~*~tactically~*~*~ (stealth).
  1337 | D:1      | 1337 ||| Stepping ~*~*~tactically~*~*~ (stealth).
  1339 | D:1      | 1339 ||| Stepping ~*~*~tactically~*~*~ (stealth).
  1359 | D:1      | Reached skill level 2 in Unarmed Combat
  1688 | D:1      | Reached XP level 3. HP: 23/28 MP: 4/4
  2002 | D:1      | 2002 ||| UPGRADING to +0 leather armour.
  2012 | D:1      | 2012 ||| DROPPING +0 robe.
  2013 | D:1      | 2013 ||| UPGRADING to +4 ring of evasion.
  2014 | D:1      | 2014 ||| READING scroll labelled UMA JAASHRECE.
  2015 | D:1      | 2015 ||| READING scroll labelled WOV QUHAKKATH.
  2016 | D:1      | 2016 ||| READING 2 scrolls labelled UHODIW VIYT ZEMM.
  2297 | D:2      | 2297 ||| Stepping ~*~*~tactically~*~*~ (hiding).
  2399 | D:2      | 2399 ||| Stepping ~*~*~tactically~*~*~ (hiding).
  2501 | D:2      | 2501 ||| Stepping ~*~*~tactically~*~*~ (hiding).
  2603 | D:2      | 2603 ||| Stepping ~*~*~tactically~*~*~ (hiding).
  2705 | D:2      | 2705 ||| Stepping ~*~*~tactically~*~*~ (hiding).
  2807 | D:2      | 2807 ||| Stepping ~*~*~tactically~*~*~ (hiding).
  2909 | D:2      | 2909 ||| Stepping ~*~*~tactically~*~*~ (hiding).
  3048 | D:2      | 3048 ||| Stepping ~*~*~tactically~*~*~ (stealth).
  3293 | D:2      | 3293 ||| UPGRADING to +0 ring mail.
  3303 | D:2      | 3303 ||| DROPPING +0 leather armour.
  3304 | D:2      | 3304 ||| UPGRADING to +0 scale mail.
  3314 | D:2      | 3314 ||| DROPPING +0 ring mail.
  3315 | D:2      | 3315 ||| UPGRADING to +0 pair of boots.
  3320 | D:2      | 3320 ||| READING scroll labelled EHAABL MEMAELAE.
  3324 | D:2      | 3324 ||| READING 2 scrolls of identify.
  3324 | D:2      | 3324 ||| IDENTIFYING fuming ruby potion
  3325 | D:2      | 3325 ||| DROPPING potion of flight.
  3389 | D:3      | Reached skill level 3 in Unarmed Combat
  3395 | D:3      | 3395 ||| Stepping ~*~*~tactically~*~*~ (outnumbered).
  3396 | D:3      | 3396 ||| Stepping ~*~*~tactically~*~*~ (outnumbered).
  3398 | D:3      | 3398 ||| Stepping ~*~*~tactically~*~*~ (outnumbered).
  3469 | D:3      | Reached skill level 4 in Unarmed Combat
  3469 | D:3      | Reached XP level 4. HP: 20/35 MP: 5/5
  3474 | D:3      | 3474 ||| FLEEEEING.
  3608 | D:3      | 3608 ||| Stepping ~*~*~tactically~*~*~ (stealth).
  3640 | D:3      | 3640 ||| Stepping ~*~*~tactically~*~*~ (outnumbered).
  3646 | D:3      | Reached XP level 5. HP: 37/42 MP: 6/6
  3719 | D:3      | 3719 ||| Stepping ~*~*~tactically~*~*~ (stealth).
  4050 | D:3      | 4050 ||| Stepping ~*~*~tactically~*~*~ (hiding).
  4413 | D:3      | 4413 ||| READING scroll labelled ARAUKITIEP.
  4414 | D:3      | 4414 ||| DRINKING 2 emerald potions.
  4415 | D:3      | 4415 ||| DRINKING 2 inky potions.
  4416 | D:3      | 4416 ||| DROPPING potion of lignification.
  4451 | D:4      | 4451 ||| STAIRDANCE
  4459 | D:4      | 4459 ||| Stepping ~*~*~tactically~*~*~ (hiding).
  4633 | D:4      | Noticed a phantom
  4652 | D:4      | Killed a phantom
  4653 | D:4      | Reached skill level 5 in Unarmed Combat
  4653 | D:4      | 4653 ||| FLEEEEING.
  4654 | D:4      | 4654 ||| FLEEEEING.
  4655 | D:4      | 4655 ||| FLEEEEING.
  4657 | D:4      | 4657 ||| FLEEEEING.
  4658 | D:4      | 4658 ||| FLEEEEING.
  4659 | D:4      | 4659 ||| FLEEEEING.
  4661 | D:4      | 4661 ||| FLEEEEING.
  4662 | D:4      | 4662 ||| FLEEEEING.
  4663 | D:4      | 4663 ||| FLEEEEING.
  4665 | D:4      | 4665 ||| FLEEEEING.
  4667 | D:4      | 4667 ||| FLEEEEING.
  4668 | D:4      | 4668 ||| FLEEEEING.
  4669 | D:4      | 4669 ||| STAIRDANCE
  4709 | D:3      | 4709 ||| READING scroll labelled MEHENA XUDUNKE.
  4710 | D:3      | 4710 ||| DRINKING 2 fizzy red potions.
  4757 | D:4      | Noticed Grinder
  4758 | D:4      | 4758 ||| Stepping ~*~*~tactically~*~*~ (hiding).
  4759 | D:4      | 4759 ||| Stepping ~*~*~tactically~*~*~ (hiding).
  4760 | D:4      | 4760 ||| Stepping ~*~*~tactically~*~*~ (hiding).
  4772 | D:4      | Paralysed by Grinder for 4 turns
  4781 | D:4      | Killed Grinder
  4782 | D:4      | Reached skill level 3 in Armour
  4782 | D:4      | Reached XP level 6. HP: 20/50 MP: 7/7
  4813 | D:4      | 4813 ||| Stepping ~*~*~tactically~*~*~ (stealth).
  4819 | D:4      | 4819 ||| FLEEEEING.
  4822 | D:4      | 4822 ||| FLEEEEING.
  5005 | D:4      | 5005 ||| Stepping ~*~*~tactically~*~*~ (stealth).
  5011 | D:4      | 5011 ||| FLEEEEING.
  5012 | D:4      | 5012 ||| FLEEEEING.
  5013 | D:4      | 5013 ||| FLEEEEING.
  5014 | D:4      | 5014 ||| FLEEEEING.
  5015 | D:4      | 5015 ||| FLEEEEING.
  5016 | D:4      | 5016 ||| FLEEEEING.
  5017 | D:4      | 5017 ||| FLEEEEING.
  5018 | D:4      | 5018 ||| FLEEEEING.
  5023 | D:4      | 5023 ||| FLEEEEING.
  5024 | D:4      | 5024 ||| FLEEEEING.
  5031 | D:4      | 5031 ||| STAIRDANCE
  5136 | D:4      | Reached XP level 7. HP: 56/56 MP: 8/8
  5347 | D:4      | 5347 ||| READING scroll labelled SOWORO MUOTUU.
  5448 | D:4      | 5448 ||| READING scroll labelled SAISAEGUQE.
  5489 | D:5      | Entered Level 5 of the Dungeon
  5541 | D:5      | Reached skill level 6 in Unarmed Combat
  5609 | D:5      | 5609 ||| Stepping ~*~*~tactically~*~*~ (stealth).
  5613 | D:5      | 5613 ||| Stepping ~*~*~tactically~*~*~ (stealth).
  5620 | D:5      | 5620 ||| Stepping ~*~*~tactically~*~*~ (outnumbered).
  5625 | D:5      | Reached skill level 3 in Fighting
  5745 | D:5      | 5745 ||| Stepping ~*~*~tactically~*~*~ (stealth).
  5746 | D:5      | 5746 ||| Stepping ~*~*~tactically~*~*~ (stealth).
  5751 | D:5      | 5751 ||| Stepping ~*~*~tactically~*~*~ (stealth).
  5753 | D:5      | 5753 ||| Stepping ~*~*~tactically~*~*~ (stealth).
  5755 | D:5      | 5755 ||| Stepping ~*~*~tactically~*~*~ (stealth).
  5757 | D:5      | 5757 ||| Stepping ~*~*~tactically~*~*~ (hiding).
  5758 | D:5      | 5758 ||| Stepping ~*~*~tactically~*~*~ (hiding).
  5765 | D:5      | 5765 ||| Stepping ~*~*~tactically~*~*~ (outnumbered).
  5766 | D:5      | 5766 ||| Stepping ~*~*~tactically~*~*~ (outnumbered).
  5767 | D:5      | 5767 ||| Stepping ~*~*~tactically~*~*~ (outnumbered).
  5930 | D:5      | Noticed Ijyb
  5931 | D:5      | 5931 ||| Stepping ~*~*~tactically~*~*~ (hiding).
  5939 | D:5      | HP: 6/57 [Ijyb/bolt of acid (20)]
  5940 | D:5      | Killed from afar by Ijyb

Levels and vault maps discovered:
D:1:      erik_arrival_orb_chamber, layout_loops_cross, serial_glass,
          glass_columns_b, glass_columns_a, glass_columns_c, glass_columns_a,
          glass_columns_a, glass_columns_b, ebering_ecumenical_altar_abandoned,
          serial_bayou_pond_b
D:2:      layout_loops_cross
D:3:      cheibrodos_fertilizer, layout_loops_ring
D:4:      layout_cave_pools, uniq_grinder
D:5:      layout_basic, kennysheep_generic_room_14, uniq_ijyb

Skill      XL: |  1  2  3  4  5  6  7 |
---------------+----------------------+-----
Unarmed Combat | 1 2 4 5 6 |  6.7
Fighting       | 1 2 3 |  3.2
Armour         | 3 |  3.2
Dodging        | |  1.7
Stealth        | |  2.1
Spellcasting   | |  1.7
Conjurations   | |  0.7
Fire Magic     | |  2.4

Action                   |  1- 3 |  4- 6 |  7- 9 || total
-------------------------+-------+-------+-------++-------
Melee: Unarmed           |   124 |   111 |    74 ||   309
       Punch             |     3 |     3 |     2 ||     8
Throw: Boomerang         |       |       |    15 ||    15
  Use: Scroll            |     6 |     2 |     2 ||    10
       Potion            |       |     3 |       ||     3
Armor: Robe              |    12 |       |       ||    12
       Scale mail        |    14 |    21 |    17 ||    52
       Leather armour    |     4 |       |       ||     4
Dodge: Dodged            |    52 |    49 |    41 ||   142

Table legend:
 A = Non-vault XP
 B = Vault XP
 C = Vault XP percentage of total XP
 D = Non-vault monster count
 E = Vault monster count
 F = Vault count percentage of total count
                 A         B        C        D         E       F
            +---------+---------+-------+---------+---------+-------
      Total |     601 |     382 |  38.9 |      64 |      21 |  24.7
            +---------+---------+-------+---------+---------+-------
        D:1 |      34 |       3 |   8.1 |      17 |       2 |  10.5
        D:2 |      17 |       0 |   0.0 |       9 |       0 |   0.0
        D:3 |      31 |     112 |  78.3 |      16 |      18 |  52.9
        D:4 |     215 |     267 |  55.4 |      10 |       1 |   9.1
        D:5 |     304 |       0 |   0.0 |      12 |       0 |   0.0
            +---------+---------+-------+---------+---------+-------
